 Dungeon Crawl Stone Soup version 0.29-a0-410-g9596d59a08 (webtiles) character file.

Game seed: 17567326383019630452

14 Ge0ff the Cudgeller (level 2, -2/19 HPs)
             Began as a Gargoyle Monk on May 14, 2022.
             Was a Believer of Sif Muna.
             Slain by a gnoll
             ... wielding a +0 club
              (6 damage)
             ... on level 1 of the Dungeon.
             The game lasted 00:01:35 (888 turns).

Ge0ff the Cudgeller (Gargoyle Monk)                  Turns: 888, Time: 00:01:36

Health: -2/19      AC:  5    Str: 14    XL:     2   Next: 41%
Magic:  2/2        EV: 12    Int: 10    God:    Sif Muna [**....]
Gold:   52         SH:  0    Dex: 12    Spells: 1/1 levels left

rFire   . . .      SeeInvis .   a - +0 mace
rCold   . . .      Faith    .   (no shield)
rNeg    + . .      Spirit   .   p - +0 leather armour
rPois   ∞          Reflect  .   (no helmet)
rElec   +          Harm     .   (no cloak)
rCorr   .          Rampage  .   (no gloves)
Will    .....                   (no boots)
Stlth   ++........              (no amulet)
HPRegen 0.06/turn               (no ring)
MPRegen 0.08/turn               (no ring)

@: no status effects
A: sickness immunity, AC +2, negative energy resistance 1, electricity
resistance, torment resistance 1, petrification resistance
a: Renounce Religion, Channel Magic


You were on level 1 of the Dungeon.
You worshipped Sif Muna.
Sif Muna was pleased with you.
You visited 1 branch of the dungeon, and saw 1 of its levels.

You collected 52 gold pieces.

Inventory:

Hand Weapons
 a - a +0 mace (weapon)
Armour
 b - a +0 robe
 p - a +0 leather armour (worn)
Scrolls
 q - a scroll of summoning {unknown}
 r - a scroll of torment {unknown}
 t - a scroll of amnesia {unknown}
 T - 2 scrolls of teleportation
Potions
 o - a potion of ambrosia


   Skills:
 - Level 3.2 Fighting
 * Level 3.7 Maces & Flails
 - Level 2.4 Dodging
 - Level 2.1 Stealth


You had one spell level left.
You didn't know any spells.
Your spell library was empty.

Dungeon Overview and Level Annotations

Branches:
Dungeon (1/15)

Altars:
Sif Muna


Innate Abilities, Weirdness & Mutations

You are immune to sickness and miasma.
Your stone body is resilient. (AC +2)
You are immune to poison.
You resist negative energy. (rN+)
You are resistant to electric shocks. (rElec)
You are resistant to unholy torment.
You are immune to petrification.


Message History

t - a scroll labelled GON UNEDEIST
As you read the scroll labelled REWNOI FAYGRI, it crumbles to dust.
You feel strangely unstable.
It was a scroll of teleportation.
T - 2 scrolls of teleportation
Found 16 stones.
Your surroundings suddenly seem different.
Found a stone staircase leading down.
Found a faded altar of an unknown god.
A hobgoblin comes into view.
The hobgoblin closely misses you.
You thump the hobgoblin!
You kill the hobgoblin!
There is a faded altar of an unknown god here.
You cannot tell which god this altar belongs to.
Convert to them anyway?
Sif Muna accepts your prayer! Sif Muna welcomes you!
You can now call upon Sif Muna for magical energy.
A rat comes into view.
The rat bites you but does no damage.
You sock the rat!
You kill the rat!
Sif Muna accepts your kill.
A gnoll and a rat come into view.
A kobold comes into view. It is wielding a +0 club.
The gnoll shouts!
The kobold shouts!
The rat barely misses you.
You barely miss the rat. The kobold closely misses you.
An endoplasm comes into view.
The rat bites you but does no damage. The kobold hits you with a +0 club.
The rat bites you but does no damage. The kobold attacks as you move away!
The kobold hits you with a +0 club. The kobold barely misses you.
The rat closely misses you. The kobold hits you but does no damage.
The rat bites you. The kobold hits you but does no damage.
The rat bites you but does no damage. The kobold closely misses you.
The rat closely misses you. The kobold hits you but does no damage.
The endoplasm jiggles.
The rat bites you. The rat attacks as you move away!
The rat closely misses you. The kobold hits you with a +0 club.
The rat misses you. The kobold closely misses you. The gnoll misses you.
The rat bites you but does no damage. The kobold closely misses you.
The gnoll completely misses you. The rat closely misses you.
The gnoll barely misses you. The kobold hits you with a +0 club.
* * * LOW HITPOINT WARNING * * *
The rat bites you.
* * * LOW HITPOINT WARNING * * *
The kobold hits you but does no damage. The gnoll hits you with a +0 club.
You die...

#.......∩..8†..#
#..............# #
#..............# ..
#.♣.....∩..♣..∩# ##
..###..............# ...
...................# ....
#.....∩..♣..♣..∩..∩##.....
#................r........
#...............@KJ.......
#....._..8..∩....g8#......
#...†..............#......
#........(.........# .....
#.....8..∩..∩..8...# .....
.........#.........# ....
.........#.........# ....
.....#...#.........#
.....#...#........#


You could see a gnoll, an endoplasm, a kobold and a rat.

Vanquished Creatures
  2 endoplasms (D:1)
  4 goblins (D:1)
  2 hobgoblins (D:1)
  A quokka (D:1)
  2 rats (D:1)
11 creatures vanquished.

Notes
Turn   | Place    | Note
-------+----------+-------------------------------------------
     0 | D:1      | Ge0ff the Gargoyle Monk began the quest for the Orb.
     0 | D:1      | Reached XP level 1. HP: 14/14 MP: 1/1
   428 | D:1      | Reached XP level 2. HP: 11/19 MP: 2/2
   842 | D:1      | Found a faded altar of an unknown god.
   853 | D:1      | Prayed at the altar of an unknown god.
   853 | D:1      | Became a worshipper of Sif Muna the Loreminder
   853 | D:1      | Reached * piety under Sif Muna
   853 | D:1      | Reached ** piety under Sif Muna
   888 | D:1      | Slain by a gnoll

Illustrated notes

Levels and vault maps discovered:
D:1:      elethiomel_arrival_quiet, layout_basic,
          hellmonk_ecumenical_altar_arch_garden, minivault_24

Action                   || total
-------------------------++-------
Melee: Mace              ||    35
  Use: Scroll            ||     1
 Stab: Sleeping          ||     1
Armor: Robe              ||    11
       Leather armour    ||    13
Dodge: Dodged            ||    36

Table legend: (Time is in decaauts)
 A = Elapsed time spent in this place.
 B = Non-inter-level travel time spent in this place.
 C = Inter-level travel time spent in this place.
 D = Time resting spent in this place.
 E = Time spent auto-exploring this place.
 F = Levels seen in this place.
 G = Mean time per level.
                   A        B        C        D        E       F      G
               +--------+--------+--------+--------+--------+-----+--------+
         Total |    896 |    896 |      0 |    433 |    281 |   1 |  896.0 |
       Dungeon |    896 |    896 |      0 |    433 |    281 |   1 |  896.0 |
               +--------+--------+--------+--------+--------+-----+--------+

Top non-repeatable levels by time:
     D:1: 896 daAuts
